[Event "*** SCC Grand Prix: Titled Tuesday Blitz"]
[Site "Chess.com"]
[Date "2020.08.25"]
[Round "6"]
[White "Supernotar"]
[Black "FairChess_on_YouTube"]
[Result "0-1"]
[WhiteElo "2724"]
[BlackElo "2985"]
[TimeControl "180+1"]
[EndTime "11:08:48 PDT"]
[Termination "FairChess_on_YouTube won on time"]

1. d4 Nf6 2. c4 e6 3. Nf3 d5 4. e3 a6 5. Nbd2 c5 6. dxc5 Bxc5 7. a3 dxc4 8. Bxc4 b5 9. Be2 O-O 10.
b4 Be7 11. Bb2 Bb7 12. O-O Nc6 13. Rc1 Nd5 14. Ne4 Nb6 15. Nc5 Bxc5 16. bxc5 Na4 17. Ba1 Na5 18. Qc2 Rc8 19. Rfd1 Qe7 20. Bd4 f6 21. Bd3 Bxf3 22. gxf3 h6 23. Qa2 Kh8 24. Bb1 e5 25. Ba1 Rxc5 26. Rxc5 Nxc5 27. Qc2 f5 28. Kh1 Nc4 29. Rg1 Nxa3 30. Qb2 Nxb1 31. Qxb1 Qb7 32.
Rg3 Nd7 33. Qb4 Qd5 34. Qe7 Rf7 35. Qe8+ Kh7 36. Kg2 b4 37. h4 a5 38. h5 b3 39. Qc8 a4 40. Qa6 Nf6 41. Qxa4 Nxh5 42. Rh3 Qe6 43. Bb2 Nf6 44. Qb5 Qd5 45. Qb6 Re7 46.
Qa6 Qf7 47. Rg3 Nh5 0-1

[Event "*** SCC Grand Prix: Titled Tuesday Blitz"]
[Site "Chess.com"]
[Date "2020.08.25"]
[Round "6"]
[White "SlavenPastar"]
[Black "serena-maria"]
[Result "0-1"]
[WhiteElo "2429"]
[BlackElo "2303"]
[TimeControl "180+1"]
[EndTime "11:08:48 PDT"]
[Termination "serena-maria won by resignation"]

1. d4 Nf6 2. c4 g6 3. Bg5 Ne4 4. Bf4 e5 5. dxe5 Bc5 6. Nh3 d6 7. Qd3 Bf5 8. Qf3 Nc6 9. Be3 Bb4+ 10. Nd2 Nxe5 11. Qf4 Nxc4 12. O-O-O Bxd2+ 13. Bxd2 Qf6 14.
Bc3 Nxc3 15. Qxc4 Ne4 16. f3 Bxh3 17. Qxe4+ Be6 18. Qa4+ Bd7 19. Qe4+ Be6 20. Qa4+ c6 21. Qd4 Qg5+ 22. Qd2 Qc5+ 23. Qc2 Qe3+ 24. Qd2 Qb6 25. Kb1 O-O 26. Qc3 Qa6 27. a3 d5 28. e4 Qa4 29.
Be2 dxe4 30. fxe4 Qxe4+ 31. Bd3 Qxg2 32. Bc2 Qd5 33. Rxd5 Bxd5 34. Rg1 Rae8 35. h4 Re4 36.
h5 Rh4 37. h6 Rxh6 38. Qf6 Rh2 39. Bxg6 fxg6 40. Rxg6+ hxg6 41. Qxg6+ Kh8 42. Qg5 Rf1+ 0-1

[Event "*** SCC Grand Prix: Titled Tuesday Blitz"]
[Site "Chess.com"]
[Date "2020.08.25"]
[Round "6"]
[White "AnonymousIM2023"]
[Black "kuban1991"]
[Result "1-0"]
[WhiteElo "2628"]
[BlackElo "2803"]
[TimeControl "180+1"]
[EndTime "11:08:49 PDT"]
[Termination "AnonymousIM2023 won by resignation"]

1. d4 g6 2. e4 Bg7 3. f4 d5 4. e5 Nh6 5. Nf3 f6 6. Bd3 Bg4 7. Nbd2 O-O 8. h3 Bxf3 9. Nxf3 c5 10. c3 cxd4 11. cxd4 Nc6 12. O-O fxe5 13. fxe5 Nf5 14. Bxf5 Rxf5 15. Be3 e6 16. Ng5 Rxf1+ 17. Qxf1 Qe7 18.
Qd3 Rf8 19. Nf3 Qf7 20. Bd2 Qf5 21. Qxf5 gxf5 22. b4 Rc8 23. Rc1 Ne7 24. Rxc8+ Nxc8 25. b5 Nb6 26. Bb4 Bh6 27. Kf2 Nc4 28. g4 fxg4 29.
hxg4 Bf4 30. Ke2 Kf7 31. Ne1 Bg5 32. Nd3 h6 33. Nc5 Be7 34. Bc3 Nxe5 35. Nxb7 Nxg4 36. a4 Ke8 37. a5 Kd7 38. Nc5+ Bxc5 39. dxc5 e5 40. a6 Kc8 41. b6 axb6 42. cxb6 d4 43.
Bb4 Nf6 44. b7+ Kc7 45. Bd6+ Kxd6 46. b8=Q+ Ke6 47. a7 Nd5 48. a8=Q Nf4+ 49. Kf3 1-0

[Event "*** SCC Grand Prix: Titled Tuesday Blitz"]
[Site "Chess.com"]
[Date "2020.08.25"]
[Round "6"]
[White "Vesper2018"]
[Black "okriak"]
[Result "1/2-1/2"]
[WhiteElo "2574"]
[BlackElo "2712"]
[TimeControl "180+1"]
[EndTime "11:08:49 PDT"]
[Termination "Game drawn by repetition"]

1. e4 e6 2. d4 d5 3. e5 Bd7 4. Nf3 c5 5. c3 Nc6 6. Be2 Nge7 7. O-O cxd4 8. cxd4 Nf5 9. b3 Be7 10. Bb2 O-O 11. g4 Nh6 12. h3 f6 13. exf6 Bxf6 14.
Nbd2 Nf7 15. Re1 Qb6 16. Nf1 Nd6 17. Ng3 Ne4 18. Nh5 Be7 19. Bd3 g6 20. Ng3 Nxg3 21. fxg3 Bf6 22. Bf1 e5 23. Kg2 e4 24. Nh2 Bxd4 25.
Bxd4 Nxd4 26. Qd2 Bc6 27. Rad1 Nf3 28. Nxf3 Rxf3 29. Qd4 Qc7 30. Kh1 Qxg3 31. Re2 Raf8 32. Bg2 Rf2 33. Rxf2 Rxf2 34. Rg1 Qf4 35. b4 e3 36.
Bxd5+ Bxd5+ 37. Qxd5+ Kg7 38. Qxb7+ Kf6 39. g5+ Ke5 40.
Qc7+ Ke4 41. Rg4 Rf1+ 42. Kg2 Rf2+ 43. Kg1 Rf1+ 44. Kg2 Rf2+ 45. Kg1 Rf1+ 46. Kg2 1/2-1/2

[Event "*** SCC Grand Prix: Titled Tuesday Blitz"]
[Site "Chess.com"]
[Date "2020.08.25"]
[Round "6"]
[White "Gvetadze"]
[Black "Mr_Sinigami"]
[Result "0-1"]
[WhiteElo "2397"]
[BlackElo "2544"]
[TimeControl "180+1"]
[EndTime "11:08:50 PDT"]
[Termination "Mr_Sinigami won by checkmate"]

1. Nf3 Nf6 2. g3 g6 3. Bg2 Bg7 4. O-O O-O 5. d3 d5 6. Nbd2 c5 7. e4 Nc6 8. Re1 e6 9. Qe2 b6 10. Nf1 a5 11. e5 Nd7 12. Bf4 Ba6 13. h4 c4 14. N1h2 cxd3 15. cxd3 Nc5 16. Red1 Nb4 17. Ne1 f5 18. exf6 Qxf6 19. a3 Nc6 20. Qg4 Qf5 21.
Qxf5 gxf5 22. Rab1 a4 23. Nhf3 h6 24. d4 Nb3 25.
Nc2 Rac8 26. Nb4 Nxb4 27. axb4 Be2 28. Re1 Bxf3 29. Bxf3 Nxd4 30. Bd1 b5 31. Be3 Nc6 32. Bc5 Rfe8 33. Be2 Rb8 34. f4 Bd4+ 35. Kg2 Bxc5 36. bxc5 Kg7 37. Bh5 Re7 38. Rbd1 Kf6 39. Re3 b4 40.
Bf3 Rb5 41. Rc1 Rc7 42. Rce1 Nd4 43. g4 fxg4 44. Bxg4 Rc6 45. Re5 Rbxc5 46. Rh5 Rc2+ 47. Kh3 Rxb2 48. Rxh6+ Ke7 49. h5 a3 50. f5 a2 51. f6+ Kd6 52. f7 Rf2 53. Bxe6 Kc5 54. Rc1+ Kb6 55. Rxc6+ Nxc6 56. Bxd5 a1=Q 57. Rxc6+ Kb5 58.
Kg4 Qg1+ 59. Kh4 Rh2# 0-1

[Event "*** SCC Grand Prix: Titled Tuesday Blitz"]
[Site "Chess.com"]
[Date "2020.08.25"]
[Round "6"]
[White "ural58"]
[Black "kasparicy"]
[Result "1-0"]
[WhiteElo "2497"]
[BlackElo "2337"]
[TimeControl "180+1"]
[EndTime "11:08:52 PDT"]
[Termination "ural58 won on time"]

1. e4 c5 2. b3 e6 3. Qe2 Nc6 4. Bb2 Nf6 5. e5 Nd5 6. Nf3 d6 7. exd6 Bxd6 8. Bxg7 Rg8 9. Bb2 Bd7 10. Na3 Nf4 11. Qe3 Nxg2+ 12. Bxg2 Rxg2 13. O-O-O a6 14. Rdg1 Rg6 15. Nc4 Qc7 16. Nxd6+ Qxd6 17. h4 O-O-O 18. h5 Rxg1+ 19. Rxg1 Be8 20. d3 Nd4 21. Ne5 Kb8 22. Rg8 f6 23. Nc4 Qc6 24. Bxd4 cxd4 25. Qh6 e5 26.
Qxh7 Rc8 27. a4 b5 28. axb5 axb5 29. Na3 Qc5 30. Kb2 Qc3+ 31. Kb1 Qe1+ 32. Ka2 Qc1 33.
Rxe8 Rxe8 34. Qd7 Rc8 35. Qxb5+ Ka7 36. Qa5+ Kb7 37. Qb5+ Ka8 38. Qa6+ Kb8 39. Qxf6 Rxc2+ 40. Nxc2 Qxc2+ 41. Ka3 Qc1+ 42. Ka4 Qa1+ 43. Kb5 Qc3 44. Qxe5+ Kb7 45. Qd5+ Kb8 46. Qc4 Qa1 47. Kc5 Qa7+ 48.
Kd6 Qb6+ 49. Ke5 Qa5+ 50. Kxd4 1-0

[Event "*** SCC Grand Prix: Titled Tuesday Blitz"]
[Site "Chess.com"]
[Date "2020.08.25"]
[Round "6"]
[White "AttackSparrow"]
[Black "XDPS"]
[Result "0-1"]
[WhiteElo "2400"]
[BlackElo "2733"]
[TimeControl "180+1"]
[EndTime "11:08:53 PDT"]
[Termination "XDPS won by resignation"]

1. e4 c5 2. c3 e6 3. d4 d5 4. exd5 exd5 5. Nf3 Nc6 6. Bb5 Bd6 7. dxc5 Bxc5 8. O-O Ne7 9. Nbd2 O-O 10. Nb3 Bb6 11. Bd3 Qd6 12. Bg5 Bg4 13. h3 Bh5 14.
Re1 h6 15. Bxe7 Nxe7 16. g4 Qg3+ 17. Kh1 Qxh3+ 18. Nh2 Bc7 19. f4 Bxf4 20. Qc2 Bxg4 21. Rxe7 Rfe8 22. Rxe8+ Rxe8 23. Rf1 Re2 24. Bh7+ Kh8 25.
Qxe2 Bxe2 26. Rxf4 Kxh7 27. Nd4 Bd3 28. Rf2 Be4+ 29.
Kg1 Qg3+ 30. Kf1 Bd3+ 31. Ke1 Qe3+ 32. Ne2 f5 33. Nf1 Qb6 34. Nd4 Be4 35. Ne3 g6 36. b4 Qc7 37. Nd1 Qg3 38. Nb3 h5 39. Nc5 h4 40. Nxe4 dxe4 41. Ke2 h3 42. Ne3 f4 43.
Nf1 Qd3+ 44. Ke1 f3 45. Rh2 Kg7 46. Ng3 e3 0-1

[Event "*** SCC Grand Prix: Titled Tuesday Blitz"]
[Site "Chess.com"]
[Date "2020.08.25"]
[Round "6"]
[White "alexgo05"]
[Black "Grootneus"]
[Result "1-0"]
[WhiteElo "2347"]
[BlackElo "2173"]
[TimeControl "180+1"]
[EndTime "11:08:53 PDT"]
[Termination "alexgo05 won by resignation"]

1. e4 c5 2. Nf3 e6 3. d4 cxd4 4. Nxd4 a6 5. Nc3 Qc7 6. Bd3 Nf6 7. O-O d6 8. f4 b5 9. a3 Bb7 10.
Qf3 Nbd7 11. Bd2 Be7 12. b4 Nb6 13. Kh1 Nc4 14. Be1 O-O 15. a4 bxa4 16. Nxa4 Rfe8 17. Nb3 Rac8 18. Bxc4 Qxc4 19. Nb6 Bxe4 20. Qf2 Qxc2 21. Nxc8 Rxc8 22. Nd4 Qxf2 23. Bxf2 d5 24. Rxa6 Bxb4 25.
Rfa1 g6 26. Ra8 Rxa8 27. Rxa8+ Kg7 28. Nc6 Bc3 29. Bd4 Bxd4 30. Nxd4 Nh5 31. Ne2 f6 32. Ra7+ Kh6 33. Ra4 e5 34. fxe5 fxe5 35. Kg1 Kg5 36. Kf2 Nf4 37. Nxf4 Kxf4 38. g3+ Kf5 39. Ra7 d4 40.
Rxh7 Bd5 41. Rd7 Bc4 42. h3 Be6 43. g4+ Kf4 44. Rd6 Bc4 45. Rxg6 d3 46. Rd6 e4 47. Rd4 Bb5 48. h4 Ke5 49. Ke3 Be8 50. Rxe4+ 1-0

[Event "*** SCC Grand Prix: Titled Tuesday Blitz"]
[Site "Chess.com"]
[Date "2020.08.25"]
[Round "6"]
[White "BjarkeSahl"]
[Black "Kaliopa"]
[Result "1-0"]
[WhiteElo "2311"]
[BlackElo "2187"]
[TimeControl "180+1"]
[EndTime "11:08:53 PDT"]
[Termination "BjarkeSahl won on time"]

1. e4 c5 2. d4 cxd4 3. Nf3 d6 4. Nxd4 Nf6 5. Nc3 a6 6. g3 e6 7. Bg2 Be7 8. O-O O-O 9. Re1 Qc7 10. a4 Nc6 11.
Nxc6 bxc6 12. a5 Bb7 13. b3 Rfd8 14. Bb2 c5 15. Na4 Rab8 16. Nb6 Nd7 17. Nc4 d5 18. exd5 Nf6 19. d6 Bxd6 20. Bxf6 gxf6 21. Qg4+ Kh8 22. Bxb7 Qxb7 23. Rad1 Be7 24. Qh5 Bf8 25. h4 Qc7 26. Qf3 Bg7 27. Rxd8+ Rxd8 28. Rd1 f5 29. Rxd8+ Qxd8 30. Qb7 Qd1+ 31. Kg2 Qd5+ 32. Qxd5 exd5 33. Ne3 Bc3 34.
Nxd5 Bxa5 35. Ne7 f4 36. g4 Kg7 37. Nd5 Bd2 38. Kf3 Kf8 39. Ke4 Ke8 40. Nf6+ Ke7 41. Nxh7 f6 42. g5 fxg5 43. Nxg5 Kf6 44. Nf3 Bc3 45. Kd5 Bb2 46. Kxc5 Kf5 47. Kd5 Kg4 48. Ke4 1-0

[Event "*** SCC Grand Prix: Titled Tuesday Blitz"]
[Site "Chess.com"]
[Date "2020.08.25"]
[Round "6"]
[White "olksuna"]
[Black "Bigfish1995"]
[Result "0-1"]
[WhiteElo "2641"]
[BlackElo "3055"]
[TimeControl "180+1"]
[EndTime "11:08:55 PDT"]
[Termination "Bigfish1995 won by checkmate"]

1. Nf3 d5 2. g3 Nd7 3. d4 Nb6 4. Bg2 Nf6 5. O-O c6 6. b3 Bf5 7.
Bb2 e6 8. Nbd2 h6 9. c4 Be7 10. Ne5 O-O 11. e3 Nbd7 12. Qe2 a5 13. Nxd7 Qxd7 14. a3 b5 15. c5 Bg4 16. f3 Bh5 17.
Rad1 Ne8 18. g4 Bg6 19. f4 f5 20. Nf3 Bh7 21. Ne5 Qc7 22. Bh3 Bf6 23. Nd3 fxg4 24. Bxg4 Qe7 25. Qg2 Nc7 26. Bc1 Kh8 27. Bf3 Rfb8 28.
Kh1 Rg8 29. Rg1 Raf8 30. Qh3 Bf5 31. Qh5 Kh7 32. Bg4 Be4+ 33. Bf3 Bf5 34. Bg4 g6 35. Qh3 Ne8 36. Rg3 Bh4 37. Rgg1 Be4+ 38. Bf3 Bxd3 39.
Rxd3 g5 40. Rd2 gxf4 41. exf4 Rxg1+ 42. Kxg1 Rxf4 43. Rg2 Rxd4 44. Bh5 Ng7 45. Bg6+ Kg8 46. Be3 Rd1# 0-1

[Event "*** SCC Grand Prix: Titled Tuesday Blitz"]
[Site "Chess.com"]
[Date "2020.08.25"]
[Round "6"]
[White "MomchilPetkov"]
[Black "hongnhung1234"]
[Result "1-0"]
[WhiteElo "2555"]
[BlackElo "2356"]
[TimeControl "180+1"]
[EndTime "11:08:55 PDT"]
[Termination "MomchilPetkov won by checkmate"]

1. e4 c5 2. Nf3 e6 3. g3 d5 4.
exd5 exd5 5. d4 Nc6 6. Bg2 cxd4 7. O-O Nf6 8. Nbd2 d3 9. cxd3 Be7 10. Nb3 O-O 11.
h3 h6 12. Re1 Bf5 13. Nfd4 Nxd4 14. Nxd4 Bg6 15. Be3 Re8 16. Rc1 Qa5 17. Qb3 Qb4 18. Rc7 Qxb3 19. axb3 Bxd3 20. Rxb7 Bc5 21. Nc6 d4 22.
Bd2 Rxe1+ 23. Bxe1 Re8 24. Bb4 Ba6 25. Ne7+ Kh8 26.
Bxc5 Bxb7 27. Bxb7 Rb8 28. Ba6 Rxb3 29. Bxd4 Ne4 30.
Nd5 Nd2 31. Kg2 Rb8 32. Bc3 Nb3 33. Ne3 Nc5 34. Bc4 Na4 35. Bxf7 Nxb2 36. Nf5 Rb7 37.
Bd5 Kh7 38. Bxb7 Na4 39. Ba1 Nc5 40. Bd5 Kg6 41. Ne3 a5 42. Bc4 a4 43. Bb2 Ne4 44.
Ba3 Nd6 45. Bd3+ Kh5 46. Bc2 Nb5 47. Be7 a3 48. g4# 1-0

[Event "*** SCC Grand Prix: Titled Tuesday Blitz"]
[Site "Chess.com"]
[Date "2020.08.25"]
[Round "6"]
[White "MoreChessJulia"]
[Black "ClydeHillKid"]
[Result "1/2-1/2"]
[WhiteElo "1906"]
[BlackElo "2348"]
[TimeControl "180+1"]
[EndTime "11:08:56 PDT"]
[Termination "Game drawn by stalemate"]

1. d4 d5 2. c4 e6 3. Nc3 Nf6 4. cxd5 exd5 5. Bg5 c6 6. e3 Bd6 7.
Bd3 O-O 8. Nge2 h6 9. Bf4 Re8 10. O-O Bg4 11. f3 Bh5 12. g4 Bg6 13. Bxg6 fxg6 14.
Bxd6 Qxd6 15. Qd2 Nbd7 16. Nf4 g5 17. Nd3 a6 18. Rae1 c5 19. dxc5 Nxc5 20. Nxc5 Qxc5 21. Qd4 b6 22. Qxc5 bxc5 23. Re2 d4 24. Nd1 d3 25. Rd2 c4 26. e4 Rac8 27. Nc3 Nd7 28. Nd5 Ne5 29. Kf2 Kf7 30. Rc1 Ke6 31.
Ke3 Rc6 32. Nb4 Rb6 33. a3 Rf8 34. Rf1 Rb7 35. h3 Rbf7 36. Rdf2 Kd6 37. Nxa6 Kc6 38.
Nb4+ Kb5 39. Kd4 Nxf3+ 40. Kd5 Ne5 41. Rxf7 Rxf7 42. Rxf7 Nxf7 43. e5 Nxe5 44. Kxe5 Ka4 45. Na2 Kb3 46. Nc3 Kxb2 47. Kd4 Kb3 48. a4 Kb4 49. a5 Kxa5 50. Kxc4 d2 51. Kd3 Kb4 52.
Kxd2 Kc4 53. Ne2 Kd5 54. Ke3 Ke5 55. Ng3 g6 56. Nf1 Kd5 57. Nd2 Ke5 58. Nf3+ Kd5 59. h4 gxh4 60. Nxh4 h5 61. g5 Ke5 62. Kf3 Ke6 63. Kf4 Kd5 64. Nxg6 Ke6 65. Nh4 Kf7 66.
Kf5 Kg7 67. g6 Kh6 68. Kf6 1/2-1/2

[Event "*** SCC Grand Prix: Titled Tuesday Blitz"]
[Site "Chess.com"]
[Date "2020.08.25"]
[Round "6"]
[White "Speshka"]
[Black "Diego_FloresQ"]
[Result "0-1"]
[WhiteElo "2222"]
[BlackElo "2395"]
[TimeControl "180+1"]
[EndTime "11:08:56 PDT"]
[Termination "Diego_FloresQ won on time"]

1. e4 c5 2. Nf3 e6 3. d4 cxd4 4. Nxd4 Nf6 5. Nc3 d6 6. g4 h6 7. h4 Nc6 8. Nxc6 bxc6 9. Qf3 e5 10. g5 hxg5 11. hxg5 Rxh1 12. Qxh1 Nd7 13. Bc4 Nb6 14. Bb3 Qe7 15. Be3 Be6 16. O-O-O Bxb3 17. axb3 Qe6 18. Qf3 O-O-O 19. Qe2 Kb7 20. Na4 Be7 21. Qd3 d5 22.
Nc5+ Bxc5 23. Bxc5 Rd7 24. Qf3 Qg6 25. exd5 Nxd5 26. Be3 Qe6 27. Qe4 Nb6 28. Bxb6 Rxd1+ 29. Kxd1 axb6 30. Ke2 f5 31. gxf6 gxf6 32. Qh7+ Ka6 33. Qd3+ b5 34. c4 e4 35. Qe3 bxc4 0-1

[Event "*** SCC Grand Prix: Titled Tuesday Blitz"]
[Site "Chess.com"]
[Date "2020.08.25"]
[Round "6"]
[White "Alembong"]
[Black "MariaFominykh"]
[Result "1-0"]
[WhiteElo "2450"]
[BlackElo "2293"]
[TimeControl "180+1"]
[EndTime "11:08:57 PDT"]
[Termination "Alembong won on time"]

1. d4 d6 2. Nf3 g6 3. g3 Bg7 4. Bg2 Nf6 5. O-O O-O 6. b3 a5 7.
Bb2 a4 8. c4 c6 9. Nbd2 Bf5 10.
Nh4 Bd7 11. e4 e5 12. Qc2 Re8 13. Rfe1 Na6 14. dxe5 dxe5 15. c5 Be6 16. Red1 Qa5 17.
Nc4 Bxc4 18. Qxc4 a3 19. Bc3 Qxc5 20. Qxc5 Nxc5 21. f3 Bh6 22. Kf2 Nfd7 23. Bf1 Nf8 24.
Ng2 Bg7 25. Ne3 b5 26. Rac1 Nfe6 27. Rd6 Rec8 28. Rcd1 Bf8 29. R6d2 f6 30. Bh3 Rc7 31. Ng4 Kf7 32. Ne3 h5 33. Bf1 Rb8 34. Rc1 b4 35. Ba1 Nd7 36. Bc4 Nb6 37. Be2 Nd4 38. Bxd4 exd4 39.
Rxd4 Rd7 40. Rxd7+ Nxd7 41. Rxc6 Bc5 42. Bc4+ Ke7 43. Ke2 Bxe3 44. Kxe3 Ne5 45. Rc7+ Kd6 46. Rg7 Nxc4+ 47. bxc4 b3 48. axb3 Rxb3+ 49. Kd4 Rb2 50. Ra7 a2 51. f4 1-0

[Event "*** SCC Grand Prix: Titled Tuesday Blitz"]
[Site "Chess.com"]
[Date "2020.08.25"]
[Round "6"]
[White "Justinz"]
[Black "Matveev_Vladimir"]
[Result "0-1"]
[WhiteElo "2398"]
[BlackElo "2540"]
[TimeControl "180+1"]
[EndTime "11:08:58 PDT"]
[Termination "Matveev_Vladimir won by resignation"]

1. e4 c5 2. Nf3 d6 3. d4 cxd4 4. Nxd4 Nf6 5. Nc3 a6 6. Rg1 e5 7. Nb3 Be6 8. g4 d5 9. exd5 Nxd5 10. Nxd5 Bxd5 11. Be3 Nc6 12. Be2 Be4 13. c3 Qh4 14.
Nc5 Qxh2 15. f3 Rd8 16. Qb3 Bd5 17. Qa4 Bxc5 18. Bxc5 Be6 19. Rd1 f6 20. Rxd8+ Kxd8 21. Bxa6 Qxb2 22. Be3 Qxc3+ 23. Kf2 bxa6 24. Rd1+ Kc7 25. Rc1 Qb2+ 26. Kg3 Qb5 27. Qa3 Re8 28. Rc5 Qb7 29. Qa5+ Kd7 30. Qc3 Rc8 31. Qd3+ Ke7 32. Qxh7 Kf7 33. g5 Ne7 34. Rxc8 Qxc8 35. gxf6 Kxf6 36.
Qh4+ Kf7 37. Kg2 Nf5 38. Qg5 Nxe3+ 39. Qxe3 Qc7 40. Kg3 Bxa2 41. Qe4 Bc4 42. Qf5+ Kg8 43.
Qh5 Bf7 44. Qf5 a5 45. Qd3 e4+ 0-1

[Event "*** SCC Grand Prix: Titled Tuesday Blitz"]
[Site "Chess.com"]
[Date "2020.08.25"]
[Round "6"]
[White "barbara25"]
[Black "chigorin28"]
[Result "1-0"]
[WhiteElo "2292"]
[BlackElo "2449"]
[TimeControl "180+1"]
[EndTime "11:08:58 PDT"]
[Termination "barbara25 won by checkmate"]

1. e4 c6 2. d4 d5 3. f3 e6 4. Nc3 Bb4 5. a3 Bxc3+ 6. bxc3 Nd7 7. Ne2 Ne7 8. Ng3 O-O 9. Bd3 c5 10. O-O c4 11. Be2 f5 12. exf5 exf5 13. f4 Nf6 14. Bf3 Ne4 15. Bxe4 dxe4 16. Be3 Nd5 17. Qd2 b6 18.
Rfb1 Qc7 19. a4 Bd7 20. a5 b5 21. Ne2 a6 22. g3 Rf6 23. Nc1 Raf8 24. Na2 h6 25. Nb4 Qd6 26. Nxd5 Qxd5 27. Rf1 h5 28. h4 Rg6 29. Kh2 Rg4 30. Rg1 Rf6 31. Rg2 Rfg6 32. Qc1 Qe6 33. Qa3 Qf6 34. Qc5 Kh7 35. Qe5 Qd8 36. Qd5 Qe7 37. Qe5 Qf7 38. Qc7 Rc6 39. Qe5 Re6 40. Qd5 Qe7 41. Qc5 Qf7 42.
Qd5 Bc6 43. Qc5 Qd7 44. Qxf5+ Kh6 45. Qc5 Kh7 46. Qxh5+ Kg8 47. Qxg4 Qe7 48. d5 Bxd5 49. Rd1 Bc6 50. f5 Rd6 51. Rxd6 Qxd6 52. Rd2 Qc7 53.
Bg5 Qxa5 54. Rd8+ Kf7 55. Rd2 Bd5 56. Rxd5 Qa2 57. Qh5+ Kf8 58. Rd8# 1-0

[Event "*** SCC Grand Prix: Titled Tuesday Blitz"]
[Site "Chess.com"]
[Date "2020.08.25"]
[Round "6"]
[White "AntonovaNadezhda"]
[Black "MrChampion_Coach"]
[Result "0-1"]
[WhiteElo "2008"]
[BlackElo "2407"]
[TimeControl "180+1"]
[EndTime "11:08:59 PDT"]
[Termination "MrChampion_Coach won on time"]

1. d4 Nf6 2. Nf3 e6 3. e3 b6 4. Nbd2 Bb7 5. Bd3 c5 6. c3 Nc6 7. O-O Be7 8. Re1 cxd4 9. exd4 O-O 10. Qe2 Nd5 11. Ne4 f5 12. Ng3 Qc7 13. Ne5 Nxe5 14. Qxe5 Bd6 15. Qe2 Nf4 16. Bxf4 Bxf4 17. Rad1 g6 18.
Nf1 Rac8 19. g3 Bh6 20. f3 Bg7 21. Ba6 Bxa6 22. Qxa6 Qc6 23. Qd3 Qd5 24. b3 Qa5 25. c4 Qxa2 26. Re2 Qa5 27. d5 e5 28. Rdd2 d6 29. Ra2 Qc5+ 30. Kg2 a5 31. Ne3 e4 32. fxe4 fxe4 33. Qxe4 Rce8 34. Qd3 Re7 35. Ng4 Ref7 36. h4 Rf5 37. Qe3 Qb4 38. Qe6+ Kh8 39. Qe3 b5 40. Qd3 a4 41. cxb5 axb3 42. Ra7 Qxg4 43. b6 b2 44. b7 Rf3 45. Qxf3 Qxf3+ 46. Kh3 Qh1+ 47. Kg4 h5+ 48. Kg5 b1=Q 0-1

[Event "*** SCC Grand Prix: Titled Tuesday Blitz"]
[Site "Chess.com"]
[Date "2020.08.25"]
[Round "6"]
[White "thedjoker98"]
[Black "Vsevolod_Ovchinnikov"]
[Result "0-1"]
[WhiteElo "2562"]
[BlackElo "2429"]
[TimeControl "180+1"]
[EndTime "11:09:00 PDT"]
[Termination "Vsevolod_Ovchinnikov won by checkmate"]

1. d4 Nf6 2. c4 g6 3. Nc3 d5 4. e3 Bg7 5. Qb3 c6 6. Nf3 O-O 7. Bd2 dxc4 8. Bxc4 b5 9. Be2 Be6 10. Qc2 Bf5 11. e4 Bg4 12. Be3 Qa5 13. O-O Nbd7 14.
a4 b4 15. Nb1 Rac8 16. Nbd2 c5 17. Nb3 Qc7 18. dxc5 Qb7 19. h3 Be6 20. Nbd2 Nxc5 21.
Bxc5 Nd7 22. Rac1 Rxc5 23. Qb1 Rfc8 24. Rxc5 Nxc5 25. a5 Qc7 26. a6 Rd8 27. Rc1 Qb6 28. Qc2 Nxa6 29. Nc4 Bxc4 30. Bxc4 e6 31. e5 Nb8 32.
Rd1 Rc8 33. Qe4 Nc6 34. Rd7 Rc7 35. Rd1 h6 36. b3 a5 37. Nh4 Nxe5 38. Rd8+ Kh7 39.
Qa8 Nxc4 40. bxc4 Rxc4 41. Rb8 Rc1+ 42. Kh2 Qd6+ 43. g3 Rc2 44. Qf3 Qd4 45. Kg2 Qf6 46. Qd3 Qxf2+ 47. Kh1 Qh2# 0-1

[Event "*** SCC Grand Prix: Titled Tuesday Blitz"]
[Site "Chess.com"]
[Date "2020.08.25"]
[Round "6"]
[White "GustavoJuarezF"]
[Black "FMalexhdez"]
[Result "1/2-1/2"]
[WhiteElo "2065"]
[BlackElo "2172"]
[TimeControl "180+1"]
[EndTime "11:09:00 PDT"]
[Termination "Game drawn - insufficient material"]

1. e4 c5 2. Nf3 d6 3. d4 cxd4 4. Qxd4 Nf6 5. Nc3 Nc6 6. Bb5 e6 7. O-O Bd7 8. Bxc6 Bxc6 9. Bg5 Be7 10. Rad1 Qc7 11. Bxf6 Bxf6 12. Qxd6 Qxd6 13. Rxd6 Bxc3 14. bxc3 Bxe4 15. Ne1 Ke7 16. Rd4 Bg6 17. Nd3 Rac8 18. c4 Rhd8 19. Rxd8 Kxd8 20. Rd1 Ke7 21. Rb1 b6 22.
Rb4 Bxd3 23. cxd3 Kd6 24. d4 e5 25. dxe5+ Kxe5 26. f3 Kd4 27. c5+ Kxc5 28. Rg4 g6 29. Rh4 h5 30. Rf4 Rc7 31. Kf1 Re7 32. Ra4 a5 33. Ra3 Kb5 34. g4 hxg4 35. fxg4 a4 36. h4 Kb4 37. Rg3 b5 38. h5 gxh5 39. gxh5 f5 40. h6 Rh7 41. Rh3 Kc4 42. Ke2 b4 43.
Kd2 b3 44. axb3+ axb3 45. Kc1 f4 46. Kb2 Kd4 47. Kxb3 Ke4 48. Kc2 f3 49. Kd2 Rd7+ 50. Ke1 Rh7 51. Kf2 Kf4 52. Rxf3+ Kg5 53. Rg3+ Kxh6 54.
Rh3+ Kg6 55. Rxh7 Kxh7 1/2-1/2

[Event "*** SCC Grand Prix: Titled Tuesday Blitz"]
[Site "Chess.com"]
[Date "2020.08.25"]
[Round "6"]
[White "ShahMatKanal"]
[Black "kngopal"]
[Result "0-1"]
[WhiteElo "2457"]
[BlackElo "2280"]
[TimeControl "180+1"]
[EndTime "11:09:01 PDT"]
[Termination "kngopal won on time"]

1. e4 e6 2. Nf3 d5 3. e5 c5 4.
b4 b6 5. bxc5 bxc5 6. c3 Nc6 7.
Bb5 Bd7 8. a4 a6 9. Be2 Nh6 10.
O-O Nf5 11. Ba3 Be7 12. d4 cxd4 13. cxd4 O-O 14. Ra2 a5 15. Bb5 Nb4 16. Bxb4 axb4 17. Bxd7 Qxd7 18. Nbd2 Rfc8 19. Qa1 Rc3 20. Rb1 Ra3 21.
Rxa3 bxa3 22. a5 Rxa5 23. Rb8+ Bf8 24. Nb3 Rb5 25. Rxf8+ Kxf8 26. Qxa3+ Qe7 27. Qa8+ Qe8 28. Qa3+ Kg8 29. g4 Ne7 30. Nc5 Nc6 31. Qa6 Nxd4 32. Nxd4 Rxc5 33. h3 h6 34. Kg2 Qc8 35. Qd6 Rc4 36. Nf3 Rf4 37. Qa3 Qc4 38. Qa8+ Kh7 39. Qa3 Qe4 40. Qc3 g5 41. Kg3 Kg6 42. h4 Rxf3+ 43. Qxf3 gxh4+ 44. Kg2 Qxf3+ 45. Kxf3 d4 46. Ke4 h3 47. Kxd4 h2 0-1

[Event "*** SCC Grand Prix: Titled Tuesday Blitz"]
[Site "Chess.com"]
[Date "2020.08.25"]
[Round "6"]
[White "Efremov_Vlad"]
[Black "Olga_Zhuravleva"]
[Result "1/2-1/2"]
[WhiteElo "2203"]
[BlackElo "2320"]
[TimeControl "180+1"]
[EndTime "11:09:01 PDT"]
[Termination "Game drawn - insufficient material"]

1. d4 Nf6 2. c4 e6 3. Nf3 b6 4.
g3 Bb7 5. Bg2 Bb4+ 6. Bd2 c5 7.
Bxb4 cxb4 8. O-O O-O 9. Nbd2 d5 10. Ne5 Nc6 11. Nxc6 Bxc6 12. Rc1 Rc8 13. Re1 dxc4 14.
Bxc6 Rxc6 15. Nxc4 Qd5 16. b3 Rd8 17. Ne5 Rxc1 18.
Qxc1 Qxd4 19. Nc6 Qd7 20. Nxd8 Qxd8 21. Rd1 Qf8 22. Qc7 Nd5 23. Qxa7 g6 24. e4 Nc3 25. Rd7 Nxe4 26. Qxb6 Kg7 27. Qd4+ Nf6 28. Rd8 Qe7 29. Qd6 Qxd6 30. Rxd6 Nd5 31. Ra6 Kf6 32. a3 bxa3 33. Rxa3 Ke5 34. f4+ Kd4 35. Kf2 Kc3 36. Ra7 f6 37.
Rxh7 g5 38. fxg5 fxg5 39. Rg7 Nf6 40. Rg6 Ne4+ 41. Kf3 Nd2+ 42. Kg4 Nxb3 43. Rxe6 Nd4 44. Rg6 Ne2 45. Rxg5 Kd4 46. h4 Nc3 47. h5 Ne4 48. h6 Ke3 49. Rg8 Nf6+ 50. Kg5 Nxg8 51. g4 Kf3 52. h7 Nh6 53. h8=Q Nf7+ 54. Kg6 Nxh8+ 55. Kh7 Kxg4 1/2-1/2

[Event "*** SCC Grand Prix: Titled Tuesday Blitz"]
[Site "Chess.com"]
[Date "2020.08.25"]
[Round "6"]
[White "PaulfromSPb"]
[Black "vugarrasulov"]
[Result "1-0"]
[WhiteElo "2674"]
[BlackElo "2812"]
[TimeControl "180+1"]
[EndTime "11:09:02 PDT"]
[Termination "PaulfromSPb won on time"]

1. e4 c5 2. Ne2 d6 3. g3 Nc6 4. Bg2 h5 5. h3 e5 6. c3 Nf6 7. d4 cxd4 8. cxd4 Be7 9. Nbc3 h4 10.
g4 O-O 11. Be3 Nh7 12. O-O Bg5 13. f4 exf4 14. Nxf4 Re8 15. Qf3 Nf6 16. Rad1 Rf8 17. Kh1 Bd7 18. Ne6 fxe6 19. Bxg5 Qb6 20. Qe3 Nh7 21.
Bxh4 Rxf1+ 22. Bxf1 Rf8 23. Bg2 e5 24. Nd5 Qxb2 25. dxe5 dxe5 26. Ne7+ Nxe7 27. Bxe7 Rf2 28. Rxd7 Rxg2 29. Qf3 Rd2 30. Rxd2 Qxd2 31. Qb3+ Kh8 32.
Qxb7 Qe1+ 33. Kg2 Qe2+ 34. Kg3 Qe3+ 35. Kg2 Qe2+ 36. Kg3 Qe3+ 37. Kg2 Qd2+ 38. Kg3 Qf4+ 39. Kg2 Ng5 40. Bxg5 Qxg5 41. Qc8+ Kh7 42. Qf5+ Kh6 43. Qxg5+ Kxg5 44. Kg3 Kf6 45. h4 Ke6 46. h5 1-0